 Dungeon Crawl Stone Soup version 0.27-a0-1565-gad902ab807 (webtiles) character file.

Game seed: 829146489100252072

124 Leszczynek the Chopper (level 5, -8/38 HPs)
             Began as a Human Gladiator on July 16, 2021.
             Was an Initiate of Makhleb.
             Killed by divine providence
             ... invoked by an orc priest
              (14 damage)
             ... on level 4 of the Dungeon.
             The game lasted 00:11:00 (1380 turns).

Leszczynek the Chopper (Human Gladiator)            Turns: 1380, Time: 00:11:00

Health: -8/38      AC:  8    Str: 14    XL:     5   Next: 30%
Magic:  5/5        EV: 11    Int:  9    God:    Makhleb [......]
Gold:   54         SH:  0    Dex: 15    Spells: 4/4 levels left

rFire    + . .     SeeInvis .   a - +0 war axe
rCold    + + .     Faith    .   (no shield)
rNeg     . . .     Spirit   .   p - +0 ring mail
rPois    .         Reflect  .   c - +0 helmet
rElec    .         Harm     .   q - scarf {rC+ rF+}
rCorr    .         Rampage  .   t - +0 pair of gloves
Will     .....                  g - +0 pair of boots
Stlth    +.........             k - amulet of the acrobat
HPRegen  0.12/turn              s - ring of protection from cold
MPRegen  0.09/turn              (no ring)

@: no status effects
A: no striking features
a: Renounce Religion


You were on level 4 of the Dungeon.
You worshipped Makhleb.
Makhleb was noncommittal.
You visited 1 branch of the dungeon, and saw 5 of its levels.

You collected 54 gold pieces.

Inventory:

Hand Weapons
 a - a +0 war axe (weapon)
Missiles
 d - a throwing net
 f - 30 arrows
 h - 73 stones (quivered)
 i - 10 sling bullets
 j - 2 atropa-tipped darts
 l - 5 poisoned darts
Armour
 c - a +0 helmet (worn)
 g - a +0 pair of boots (worn)
 p - a +0 ring mail (worn)
 q - a scarf of resistance (worn)
 t - a +0 pair of gloves (worn)
Jewellery
 k - an amulet of the acrobat (around neck)
 s - a ring of protection from cold (left hand)
Scrolls
 e - a scroll of identify {unknown}
 r - a scroll of teleportation {unknown}
Potions
 m - a potion of cancellation {unknown}
 n - a potion of lignification {unknown}
 o - 2 potions of attraction {unknown}


   Skills:
 + Level 2.0 Fighting
 * Level 5.6 Axes
 - Level 2.0 Throwing
 - Level 3.0 Dodging


You had 4 spell levels left.
You didn't know any spells.
Your spell library was empty.

Dungeon Overview and Level Annotations

Branches:
Dungeon (5/15)
 Temple: D:4-7

Altars:
Makhleb
Nemelex Xobeh


Message History

You see here a +0 dagger.
Things that are here:
a +0 club; a gnoll skeleton
There is an open door here.
You see here a +0 short sword.
There is a stone staircase leading down here.
You climb downwards.
The orc hits you with a +0 club.
There is a stone staircase leading up here.
You hit the orc priest.
The orc priest is lightly wounded.
You hit the orc. The orc priest hits you with a +0 whip.
The orc barely misses you.
Unknown command.
The orc priest hits you but does no damage.
The orc barely misses you.
You climb upwards.
There is a stone staircase leading down here.
You hit the orc priest.
The orc priest is moderately wounded.
You hit the orc.
You kill the orc!
Makhleb accepts your kill. The orc priest hits you with a +0 whip.
You hit the orc priest.
The orc priest is heavily wounded.
The orc priest barely misses you. The orc priest completely misses you.
You hit the orc priest.
The orc priest is almost dead.
The orc priest invokes the aid of Beogh against you.
Beogh smites you!
* * * LOW HITPOINT WARNING * * *
You closely miss the orc priest.
The orc priest is almost dead.
The orc priest hits you with a +0 whip.
* * * LOW HITPOINT WARNING * * *
You barely miss the orc priest.
The orc priest is almost dead.
The orc priest invokes the aid of Beogh against you.
Beogh smites you!
You die...

#.......#...#.....##....##....#
#.......#...#...........#######
#.......#...'...........#...
#......##...##....###'###...
#......##...##....#..........
#.................'.)........
#.................#).....####
#..............o).#......#
#.............)@..#......#
#......##...#######......#
#......##'###......).....#
#......#....#............#
#......#....#............#
#......#....'......#######
#......#....#......'....[#
#......#....#......#.....#
#....####'###......#....##


You could see an orc priest.

Vanquished Creatures
  An orc priest (D:3)
  3 gnolls (D:4)
  An adder (D:4)
  An ufetubus (D:4)
  9 orcs
  3 bats
  8 endoplasms
  2 giant cockroaches (D:1)
  4 goblins
  4 hobgoblins
  A quokka (D:1)
  A frilled lizard (D:3)
  3 kobolds
  A rat (D:2)
42 creatures vanquished.

Notes
Turn   | Place    | Note
-------+----------+-------------------------------------------
     0 | D:1      | Leszczynek the Human Gladiator began the quest for the Orb.
     0 | D:1      | Reached XP level 1. HP: 16/16 MP: 1/1
    49 | D:1      | HP: 1/16 [frozen (5)]
    52 | D:1      | lol
    52 | D:1      | from full hp
    81 | D:1      | HP: 2/16 [quokka (1)]
    86 | D:1      | Reached XP level 2. HP: 3/22 MP: 2/2
   133 | D:1      | HP: 4/22 [bat (1)]
   261 | D:1      | HP: 4/22 [frozen (3)]
   470 | D:3      | Found a burning altar of Makhleb.
   470 | D:3      | Noticed a green death
   473 | D:3      | Noticed a smoke demon
   473 | D:3      | Noticed a ynoxinul
   475 | D:3      | is makhleb still good
   475 | D:3      | Became a worshipper of Makhleb the Destroyer
   502 | D:4      | Noticed a necrophage
   524 | D:3      | Reached skill level 4 in Axes
   524 | D:3      | Reached XP level 3. HP: 21/27 MP: 3/3
   860 | D:5      | Entered Level 5 of the Dungeon
   918 | D:4      | Reached XP level 4. HP: 24/33 MP: 4/4
  1067 | D:2      | HP: 6/33 [kobold (4)]
  1072 | D:2      | he has 54% to hit me, i have 51% to hit him, right
  1072 | D:2      | oh nvm, i just don't do damage
  1072 | D:2      | man, kobolds are heavily armored
  1074 | D:2      | Reached skill level 5 in Axes
  1074 | D:2      | HP: 6/33 [hobgoblin (1)]
  1205 | D:3      | Found a sparkling altar of Nemelex Xobeh.
  1254 | D:3      | Reached XP level 5. HP: 17/38 MP: 5/5
  1378 | D:4      | HP: 7/38 [orc priest/divine providence (8)]
  1380 | D:4      | Killed from afar by an orc priest

Illustrated notes ### ..# #.# #.# #@# #.# #.# #.# #.# #.######## #......... #..######## #..#....... Turn 52 on D:1: lol

#...#..# #..# #...#..###..# .#
#......<##..# #.# #..##.####..#
#.# ##### ####### #..##.......#
#.#
....###..##.######..####.####.#.#
...............#3#..............#
.........###.###########.######.#
...>###### #....@#2# #........#
....# ######### ########.#
.((.######### #3#.# #.#
.....)......# ###.# #.#
....#######.# #...# #.#
....#######.####...##### #.#
.......................# #.#
##..#######.#.......)..# #.# #..#
#.#..........## #.#


Turn 475 on D:3: is makhleb still good ##### .... ## ..# ##... ... #.# ....# #.#
#.# #....... ... #.#.#.#.# .. #.# #@#..... ...####.# #K#.#.#.#.
........###g..(..... .......>......#.#.#. ...................
...#.........#####. . #.........# ####......# #......# Turn 1072 on D:2: he has
54% to hit me, i have 51% to hit him, right

Levels and vault maps discovered:
D:1:      wander_arrival_abandoned_jail, layout_basic, lemuel_another_geyser
D:2:      layout_basic, st_stairs_2, corner_web_ring, grunt_decor_one_mirror
D:3:      layout_basic, lemuel_coloured_pillars_altar,
          makhleb_altar_promises_db, minmay_misc_feat_plants, kennysheep_nub
D:4:      layout_gridville, minmay_bisected
D:5:      layout_basic, grunt_temple_overflow_open,
          gammafunk_ghost_nasty_kobolds, uniq_prince_ribbit1

Skill      XL: |  1  2  3  4 |
---------------+-------------+-----
Axes           | 4 5 |  5.6
Fighting       | |  2.0
Throwing       | |  2.0
Dodging        | |  3.0

Action                   |  1- 3 |  4- 6 || total
-------------------------+-------+-------++-------
Melee: War axe           |    76 |    50 ||   126
Throw: Stone             |     6 |     1 ||     7
       Throwing net      |     4 |       ||     4
 Stab: Held in net/web   |     3 |       ||     3
       Sleeping          |     1 |       ||     1
Armor: Leather armour    |    19 |       ||    19
       Ring mail         |     7 |    13 ||    20
Dodge: Dodged            |    41 |    39 ||    80

Table legend: (Time is in decaauts)
 A = Elapsed time spent in this place.
 B = Non-inter-level travel time spent in this place.
 C = Inter-level travel time spent in this place.
 D = Time resting spent in this place.
 E = Time spent auto-exploring this place.
 F = Levels seen in this place.
 G = Mean time per level.
                   A        B        C        D        E       F      G
               +--------+--------+--------+--------+--------+-----+--------+
         Total |   1421 |   1300 |    121 |      0 |      0 |   5 |  284.2 |
       Dungeon |   1421 |   1300 |    121 |      0 |      0 |   5 |  284.2 |
               +--------+--------+--------+--------+--------+-----+--------+

Top non-repeatable levels by time:
     D:3: 543 daAuts
     D:4: 442 daAuts
     D:1: 266 daAuts
     D:2: 162 daAuts
     D:5: 5 daAuts
